 Dungeon Crawl Stone Soup version 0.22.1-2-g9c5b331 (webtiles) character file.

84484 lysyklops the Tortoise (level 15, -13/143 HPs)
             Began as a Minotaur Fighter on Dec 8, 2018.
             Was a High Priest of Okawaru.
             Drowned by a drowned soul (17 damage)
             ... summoned by a merfolk avatar
             ... on level 1 of the Shoals.
             The game lasted 01:10:39 (23917 turns).

lysyklops the Tortoise (Minotaur Fighter)          Turns: 23917, Time: 01:10:41

Health: -13/143    AC: 39    Str: 26    XL:     15   Next: 35%
Magic:  29/29      EV: 21    Int:  8    God:    Okawaru [*****.]
Gold:   1056       SH: 16    Dex: 13    Spells: 13/14 levels left

rFire    + + .     SeeInvis .   c - +4 morningstar of Okawaru's Approval {chaos, +Blink MR+ Int+3 Dex-4}
rCold    + + .     Gourm    .   x - +2 shield
rNeg     . . .     Faith    .   r - +4 gold dragon scales
rPois    +         Spirit   .   R - +2 hat {MR+}
rElec    .         Reflect  .   L - scarf {rC+ rF+}
rCorr    +         Harm     .   g - +2 pair of gloves {Dex+3}
MR       +++..                  K - +2 pair of boots of Absolutism {*Slow MP+9 Dex+3 Stlth+}
Stlth    ..........             s - amulet of the acrobat
HPRegen  0.33/turn              Z - +5 ring of protection
MPRegen  0.21/turn              N - ring of resist corrosion

@: about to teleport, mesmerised, very slow
A: retaliatory headbutt, horns 2
a: Heroism, Finesse, Renounce Religion, Evoke Blink


You were on level 1 of the Shoals.
You worshipped Okawaru.
Okawaru was extremely pleased with you.
You were hungry.

You visited 5 branches of the dungeon, and saw 22 of its levels.
You also visited: Ice Cave.

You collected 2351 gold pieces.
You spent 1295 gold pieces at shops.

Inventory:

Hand Weapons
 c - the +4 morningstar of Okawaru's Approval (weapon) {chaos, +Blink MR+ Int+3 Dex-4}
   (Okawaru gifted it to you on level 2 of the Orcish Mines)

   Each time it hits an enemy it has a different, random effect.
   It affects your intelligence (+3).
   It affects your dexterity (-4).
   It affects your resistance to hostile enchantments.
   It lets you blink.
Missiles
 M - 6 javelins of penetration (quivered)
Armour
 g - a +2 pair of gloves of dexterity (worn)
 r - +4 gold dragon scales (worn)
 x - a +2 shield (worn)
 K - the +2 pair of boots of Absolutism (worn) {*Slow MP+9 Dex+3 Stlth+}
   (You found it on level 7 of the Dungeon)

   It affects your dexterity (+3).
   It affects your magic capacity (+9).
   It may slow you when you take damage.
   It makes you more stealthy.
 L - a scarf of resistance (worn)
 R - a +2 hat of magic resistance (worn)
Jewellery
 s - an amulet of the acrobat (around neck)
 N - a ring of resist corrosion (right hand)
 S - an uncursed ring of positive energy
 Y - an uncursed ring of fire
 Z - a +5 ring of protection (left hand)
Wands
 a - a wand of digging (44)
 e - a wand of enslavement (27)
 u - a wand of polymorph (13)
 w - a wand of acid (5)
 C - a wand of iceblast (12)
 O - a wand of clouds (6)
 U - a wand of paralysis (10)
 X - a wand of flame (52)
Scrolls
 h - 8 scrolls of remove curse
 i - 3 scrolls of blinking
 j - 9 scrolls of teleportation
 l - a scroll of fog
 m - 3 scrolls of enchant weapon
 o - a scroll of silence
 t - 4 scrolls of fear
 v - 2 scrolls of magic mapping
 y - 2 scrolls of identify
 I - a scroll of holy word
 V - a scroll of summoning
Potions
 b - 2 potions of brilliance
 d - 3 potions of might
 k - 3 potions of ambrosia
 n - 3 potions of agility
 p - 2 potions of magic
 q - a potion of heal wounds
 z - a potion of berserk rage
 D - a potion of cancellation
 F - 4 potions of haste
 J - 3 potions of flight
 Q - 2 potions of curing
 T - a potion of invisibility
 W - a potion of resistance
Comestibles
 f - 30 rations


   Skills:
 + Level 15.9 Fighting
   Level 5.1(10.5) Axes
 + Level 13.9(14.2) Maces & Flails
 + Level 16.0 Armour
 - Level 15.0 Shields
 - Level 8.1 Invocations
 - Level 3.7 Evocations


You had 13 spell levels left.
You knew the following spells:

 Your Spells              Type           Power        Failure   Level  Hunger
a - Apportation           Tloc           #.....       100%        1    ##.....

Your spell library contained the following spells:

 Spells                   Type           Power        Failure   Level  Hunger
 Animate Skeleton         Necr           N/A          100%        1    ##.....
 Confusing Touch          Hex            #.....       100%        1    ##.....
 Corona                   Hex            #......      100%        1    ##.....
 Magic Dart               Conj           #...         100%        1    ##.....
 Sting                    Conj/Pois      #...         100%        1    ##.....
 Summon Small Mammal      Summ           #...         100%        1    ##.....
 Blink                    Tloc           N/A          100%        2    ###....
 Call Imp                 Summ           #.......     100%        2    ###....
 Ensorcelled Hibernation  Hex/Ice        #.....       100%        2    ###....
 Poisonous Vapours        Pois/Air       #.....       100%        2    ###....
 Searing Ray              Conj           #.....       100%        2    ###....
 Slow                     Hex            #.......     100%        2    ###....
 Throw Frost              Conj/Ice       #.....       100%        2    ###....
 Call Canine Familiar     Summ           #.......     100%        3    ####...
 Confuse                  Hex            #.......     100%        3    ####...
 Conjure Flame            Conj/Fire      #.......     100%        3    ####...
 Dazzling Spray           Conj/Hex       #.....       100%        3    ####...
 Gell's Gravitas          Tloc           #.........   100%        3    ####...
 Inner Flame              Hex/Fire       #.......     100%        3    ####...
 Mephitic Cloud           Conj/Pois/Air  #.......     100%        3    ####...
 Portal Projectile        Hex/Tloc       #.....       100%        3    ####...
 Recall                   Summ/Tloc      N/A          100%        3    ####...
 Summon Guardian Golem    Hex/Summ       #.......     100%        3    ####...
 Tukima's Dance           Hex            #.......     100%        3    ####...
 Cause Fear               Hex            #.........   100%        4    #####..
 Force Lance              Conj/Tloc      #.......     100%        4    #####..
 Fulminant Prism          Conj/Hex       #.........   100%        4    #####..
 Iskenderun's Mystic Bla  Conj           #.......     100%        4    #####..
 Leda's Liquefaction      Hex/Erth       #.........   100%        4    #####..
 Olgreb's Toxic Radiance  Pois           #.......     100%        4    #####..
 Petrify                  Tmut/Erth      #.......     100%        4    #####..
 Summon Ice Beast         Ice/Summ       #.......     100%        4    #####..
 Summon Lightning Spire   Summ/Air       #.......     100%        4    #####..
 Borgnjor's Vile Clutch   Necr/Erth      #.........   100%        5    ######.
 Metabolic Englaciation   Hex/Ice        #.........   100%        5    ######.
 Silence                  Hex/Air        #.........   100%        5    ######.
 Venom Bolt               Conj/Pois      #.........   100%        5    ######.
 Yara's Violent Unravell  Hex/Tmut       #.........   100%        5    ######.
 Darkness                 Hex            #.........   100%        6    #######
 Ozocubu's Refrigeration  Ice            #.........   100%        6    #######
 Shadow Creatures         Summ           N/A          100%        6    #######
 Summon Hydra             Summ           #.........   100%        7    #######


Dungeon Overview and Level Annotations

Branches:
Dungeon (12/15)            Temple (1/1) D:4            Lair (6/6) D:8
 Shoals (1/4) Lair:3       Spider (0/4) Lair:3        Slime (0/5) Lair:5
    Orc (2/2) D:12            Elf (0/3) Orc:2

Altars:
Cheibriados
Dithmenos
Elyvilon
Gozag
Hepliaklqana
Kikubaaqudgha
Makhleb
Nemelex Xobeh
Okawaru
Qazlal
Ru
Sif Muna
Trog
Uskayaw
Vehumet
Xom
Zin

Shops:
D:7 ?   Orc:2 *[*:

Annotations:
D:6 exclusion: statue
D:12 3 runed doors, buskinjo's ghost, journeyman OpGl


Innate Abilities, Weirdness & Mutations

You reflexively headbutt those who attack you in melee.
You have a pair of horns on your head.


Message History

The drowned soul touches the plant.
As you read the scroll of teleportation, it crumbles to dust.
You feel strangely unstable.
The merfolk avatar chants its luring song.
You block the drowned soul's attack.
The merfolk avatar chants its luring song.
The merfolk avatar chants its luring song.
The drowned soul touches you. The drowned soul drowns you!
* * * LOW HITPOINT WARNING * * *
The merfolk avatar chants its luring song.
The pull of its song draws you forwards.
The merfolk avatar chants its luring song.
A merfolk avatar comes into view.
The merfolk avatar shouts!
The merfolk avatar chants its luring song.
The merfolk avatar chants a haunting song.
You resist with almost no effort. You block the drowned soul's attack.
The merfolk avatar chants its luring song.
The drowned soul touches you. The drowned soul drowns you!
You die...

..>.......≈≈≈##≈≈≈≈≈##≈≈≈
.........≈≈≈≈≈≈##≈##≈≈≈≈.
.........≈≈≈)≈≈≈≈≈≈≈≈≈≈..
.≈≈≈≈≈≈≈≈)≈≈≈)≈?≈≈≈≈≈...
≈≈.##.≈≈)≈≈≈≈†≈≈≈≈≈≈...
.#..#..≈≈≈≈≈≈≈≈≈≈≈≈...
#..#.#.≈≈≈≈≈≈≈≈≈≈≈≈..
.....
........≈≈(≈≈≈≈≈≈≈≈≈≈.
....≈
.|≈≈).##.≈.)≈@≈≈≈≈≈≈≈≈
≈≈≈≈≈
≈≈≈≈...#≈.≈mWPP≈P≈≈≈≈
≈≈≈≈≈ ≈≈≈≈
..#≈≈≈≈≈≈≈≈WP≈≈≈ ≈≈≈≈≈
#.≈≈≈W≈PPPPP≈/≈ ≈≈≈≈≈
..≈≈≈≈≈PP≈≈≈≈≈.. ≈≈≈≈≈
#.≈≈≈≈≈≈PP.P..## ≈≈≈(≈
.m≈≈PP≈P≈≈..P.# ≈≈≈≈≈
≈≈≈≈≈P≈≈≈≈P#### ≈≈≈≈≈
≈≈≈(≈


You could see 2 merfolk avatars and 3 drowned souls.

Vanquished Creatures
  A war gargoyle (D:11)
  Nessos (Lair:6)
  A dire elephant (Lair:6)
  The ghost of Paps the Basher, a journeyman DsFi of Gozag (Lair:4)
  A merfolk impaler (Shoals:1)
  An ice dragon (Lair:6)
  A yaktaur captain (D:11)
  5 hydras
  Erica (Lair:1)
  3 catoblepae
  A deep troll shaman (Lair:6)
  4 two-headed ogres
  An ogre mage (Orc:2)
  15 death yaks
  4 orc high priests
  Sonja (D:10)
  A hell knight (D:11)
  3 fire crabs
  An unseen horror (D:12)
  2 deep trolls
  4 orc knights
  4 oklob plants (Lair:4)
  3 manticores
  4 orc sorcerers
  5 ugly things
  2 fauns (Shoals:1)
  A cyclops (D:12)
  A merfolk siren (Shoals:1)
  3 ice statues (IceCv)
  2 black mambas
  A guardian serpent (shapeshifter) (D:12)
  4 elephants (Lair:6)
  A torpor snail (Lair:5)
  4 spiny frogs
  6 rime drakes
  4 komodo dragons
  3 jumping spiders (Lair:3)
  4 polar bears (Lair:6)
  2 trolls
  5 merfolk (Shoals:1)
  A blink frog (Lair:4)
  3 slime creatures (Lair:5)
  A hornet (D:10)
  A snapping turtle (Lair:3)
  4 dream sheep (Lair:5)
  19 hippogriffs
  A shadow (D:11)
  A water elemental (Shoals:1)
  A spriggan (D:7)
  A wraith (D:12)
  4 redbacks (Lair:3)
  44 yaks
  A fire bat (Shoals:1)
  6 wyverns
  A hungry ghost (D:8)
  9 basilisks
  7 wargs
  An acid dragon (D:11)
  A hell hound (Lair:5)
  19 water moccasins
  16 porcupines
  8 ice beasts
  34 orc warriors
  3 sky beasts
  2 phantoms
  5 black bears
  13 ogres
  A necrophage (D:10)
  13 wolves
  14 centaurs
  10 crocodiles
  3 big kobolds (D:12)
  Blork the orc (D:5)
  14 bullfrogs
  5 gnoll sergeants (D:12)
  3 scorpions
  5 wights (D:8)
  A howler monkey (D:9)
  3 electric eels
  3 crimson imps
  3 centaur zombies
  A bullfrog zombie (D:9)
  A quasit (D:11)
  10 orc priests
  7 hounds
  Crazy Yiuf (D:3)
  7 jellies
  28 orc wizards
  A bullfrog skeleton (D:12)
  Jessica (D:2)
  Ijyb (D:3)
  Natasha (thrice) (D:4)
  2 iguanas
  9 worker ants
  2 hound skeletons
  4 worker ant zombies
  10 adders
  8 gnolls
  2 howler monkey skeletons
  2 shadow imps
  An ooze (D:4)
  An adder zombie (D:6)
  4 adder skeletons
  4 worms
  3 dart slugs
  6 leopard geckos
  107 orcs
  6 giant cockroaches
  6 goblins
  9 hobgoblins
  8 jackals
  3 quokkas
  3 ball pythons
  A ball python skeleton (D:6)
  9 bats
  6 frilled lizards
  A jackal zombie (D:7)
  15 kobolds
  A leopard gecko zombie (D:6)
  9 rats
  2 plants (Lair:6)
703 creatures vanquished.

Vanquished Creatures (others)
  An orc wizard (D:11)
  8 fungi
  14 plants
23 creatures vanquished.

Grand Total: 726 creatures vanquished

Notes
Turn   | Place    | Note
-------+----------+-------------------------------------------
     0 | D:1      | lysyklops the Minotaur Fighter began the quest for the Orb.
     0 | D:1      | Reached XP level 1. HP: 19/19 MP: 0/0
   183 | D:1      | Reached XP level 2. HP: 27/27 MP: 1/1
   559 | D:2      | Reached skill level 4 in Armour
   581 | D:2      | Reached XP level 3. HP: 19/33 MP: 2/2
   796 | D:2      | Noticed Jessica
   800 | D:2      | Killed Jessica
   800 | D:2      | Reached XP level 4. HP: 40/40 MP: 3/3
  1045 | D:2      | Found a snail-covered altar of Cheibriados.
  1202 | D:2      | Noticed an angel
  1210 | D:2      | Found a glowing silver altar of Zin.
  1210 | D:2      | Found a shimmering altar of Xom.
  1254 | D:2      | Found a white marble altar of Elyvilon.
  1465 | D:3      | Found a sacrificial altar of Ru.
  1568 | D:3      | Noticed Ijyb
  1583 | D:3      | Killed Ijyb
  1583 | D:3      | Reached XP level 5. HP: 44/47 MP: 4/4
  1787 | D:3      | Found an opulent altar of Gozag.
  2006 | D:3      | Found a runed door.
  2218 | D:3      | Noticed Crazy Yiuf
  2224 | D:3      | Killed Crazy Yiuf
  2283 | D:4      | Reached skill level 5 in Shields
  2355 | D:4      | Reached skill level 5 in Armour
  2360 | D:4      | Reached skill level 5 in Fighting
  2408 | D:4      | Noticed Natasha
  2418 | D:4      | Killed Natasha
  2418 | D:4      | Reached XP level 6. HP: 21/56 MP: 5/5
  2620 | D:4      | Reached skill level 1 in Evocations
  2651 | D:4      | Noticed Natasha
  2667 | D:4      | Killed Natasha
  2718 | D:4      | Found a staircase to the Ecumenical Temple.
  2730 | Temple   | Entered the Ecumenical Temple
  2788 | Temple   | Became a worshipper of Warmaster Okawaru
  2992 | D:4      | Noticed Natasha
  2995 | D:4      | Killed Natasha
  3112 | D:5      | Entered Level 5 of the Dungeon
  3112 | D:5      | Noticed a sky beast
  3118 | D:5      | Killed a sky beast
  3118 | D:5      | Reached XP level 7. HP: 53/61 MP: 7/7
  3261 | D:5      | Noticed Blork the orc
  3270 | D:5      | Killed Blork the orc
  3270 | D:5      | Reached * piety under Okawaru
  3270 | D:5      | Reached skill level 5 in Axes
  3278 | D:5      | Got a pitted whip
  3314 | D:5      | Identified the +4 whip "Quploder" {speed, Str+5} (You found
                  | it on level 5 of the Dungeon)
  3520 | D:6      | Reached skill level 6 in Armour
  3524 | D:6      | Reached skill level 1 in Maces & Flails
  3647 | D:6      | Noticed a hippogriff
  3658 | D:6      | Killed a hippogriff
  3658 | D:6      | Reached XP level 8. HP: 59/71 MP: 7/9
  3704 | D:6      | Reached ** piety under Okawaru
  3925 | D:6      | Reached skill level 7 in Armour
  4106 | D:6      | Found a radiant altar of Vehumet.
  4494 | D:7      | Found an ancient bone altar of Kikubaaqudgha.
  4497 | D:7      | Found a stormy altar of Qazlal.
  4497 | D:7      | Found a hide-covered altar of Uskayaw.
  4498 | D:7      | Found a shadowy altar of Dithmenos.
  4501 | D:7      | Found a sparkling altar of Nemelex Xobeh.
  4535 | D:7      | Got a pair of jewelled boots
  4546 | D:7      | Identified the +2 pair of boots of Absolutism {*Slow MP+9
                  | Dex+3 Stlth+} (You found it on level 7 of the Dungeon)
  4572 | D:7      | Found Zapun's Magic Scroll Shop.
  4619 | D:7      | Noticed a hippogriff
  4629 | D:7      | Killed a hippogriff
  4629 | D:7      | Reached *** piety under Okawaru
  4629 | D:7      | Reached skill level 1 in Invocations
  4629 | D:7      | Reached XP level 9. HP: 76/79 MP: 10/10
  4804 | D:7      | Found an iron altar of Okawaru.
  5009 | D:8      | Reached skill level 5 in Maces & Flails
  5036 | D:8      | Reached skill level 8 in Armour
  5076 | D:8      | Found a white marble altar of Elyvilon.
  5146 | D:8      | Found a staircase to the Lair.
  5146 | D:8      | Noticed a death yak
  5147 | D:8      | Noticed a death yak
  5157 | D:8      | Noticed a death yak
  5163 | D:8      | Noticed a death yak
  5164 | D:8      | Noticed a death yak
  5168 | D:8      | Noticed a death yak
  5186 | D:7      | Killed a death yak
  5186 | D:7      | Reached **** piety under Okawaru
  5186 | D:7      | Received a gift from Okawaru
  5320 | D:7      | Killed a death yak
  5320 | D:7      | Reached XP level 10. HP: 49/90 MP: 11/11
  5505 | D:7      | Killed a death yak
  5505 | D:7      | Reached skill level 9 in Armour
  5743 | D:7      | Killed a death yak
  5759 | D:7      | Killed a death yak
  5961 | D:7      | Killed a death yak
  5961 | D:7      | Reached skill level 5 in Invocations
  6024 | D:8      | Reached ***** piety under Okawaru
  6167 | D:8      | Found a bloodstained altar of Trog.
  6761 | D:9      | Noticed a two-headed ogre
  6767 | D:9      | Killed a two-headed ogre
  6767 | D:9      | Received a gift from Okawaru
  6767 | D:9      | Reached skill level 10 in Armour
  6767 | D:9      | Reached skill level 10 in Shields
  6767 | D:9      | Reached XP level 11. HP: 94/99 MP: 14/14
  6827 | D:9      | Found a sacrificial altar of Ru.
  6876 | D:9      | Received a gift from Okawaru
  6892 | D:9      | Got a shimmering ring mail {god gift}
  6903 | D:9      | Identified the +0 ring mail of Louzxaipp {rC+++ MR- Int-3
                  | Dex+2} (Okawaru gifted it to you on level 9 of the Dungeon)
  6952 | D:9      | Reached skill level 10 in Fighting
  7265 | D:10     | Entered Level 10 of the Dungeon
  7271 | D:10     | Noticed Sonja
  7280 | D:10     | Killed Sonja
  8073 | D:11     | Noticed a yaktaur captain
  8087 | D:11     | Killed a yaktaur captain
  8097 | D:11     | Identified the Collected Works on the Glacier and Creation
  8197 | Lair:1   | Entered Level 1 of the Lair of Beasts
  8202 | Lair:1   | Noticed Erica
  8237 | Lair:1   | Killed Erica
  9031 | Lair:1   | Reached skill level 11 in Armour
  9124 | Lair:1   | Noticed a five-headed hydra
  9136 | Lair:1   | Killed a five-headed hydra
  9319 | Lair:2   | Reached XP level 12. HP: 102/110 MP: 16/16
  9798 | Lair:2   | Noticed a four-headed hydra
  9814 | Lair:2   | Killed a four-headed hydra
  9814 | Lair:2   | Received a gift from Okawaru
 10387 | Lair:3   | Reached skill level 10 in Maces & Flails
 10854 | Lair:3   | Found a hole to the Spider Nest.
 11469 | Lair:3   | Found a staircase to the Shoals.
 12236 | Lair:4   | Reached skill level 12 in Armour
 12826 | Lair:4   | Found a sacrificial altar of Ru.
 13120 | Lair:4   | Found a runed gate.
 13120 | Lair:4   | Found a runed gate.
 13121 | Lair:4   | Found a runed gate.
 13128 | Lair:4   | Noticed Paps's ghost (journeyman DsFi)
 13194 | Lair:4   | Killed Paps's ghost
 13546 | Lair:5   | Received a gift from Okawaru
 13546 | Lair:5   | Reached XP level 13. HP: 41/119 MP: 18/18
 13996 | Lair:5   | Found a staircase to the Slime Pits.
 15882 | Lair:5   | Reached skill level 13 in Armour
 16542 | Lair:6   | Entered Level 6 of the Lair of Beasts
 16649 | Lair:6   | Found a frozen archway.
 16751 | IceCv    | Entered an ice cave
 17275 | IceCv    | Received a gift from Okawaru
 17507 | Lair:6   | Reached skill level 14 in Armour
 17730 | Lair:6   | Noticed Nessos
 17737 | Lair:6   | Received a gift from Okawaru
 17737 | Lair:6   | Reached XP level 14. HP: 110/132 MP: 19/19
 17776 | Lair:6   | Killed Nessos
 17784 | Lair:6   | Learned a level 1 spell: Apportation
 17792 | Lair:6   | Got a pitted broad axe {god gift}
 17793 | Lair:6   | Identified the +8 broad axe of the Ship {drain, MR+ Int+2
                  | Dex+3} (Okawaru gifted it to you on level 6 of the Lair of
                  | Beasts)
 18427 | Lair:6   | Received a gift from Okawaru
 19729 | D:11     | Noticed a war gargoyle
 19768 | D:11     | Killed a war gargoyle
 20795 | D:12     | Found a runed gate.
 20815 | D:12     | Reached skill level 15 in Shields
 20822 | D:12     | Reached skill level 15 in Armour
 20892 | D:12     | Reached skill level 15 in Fighting
 20905 | D:12     | Found a runed gate.
 20907 | D:12     | Found a runed gate.
 20912 | D:12     | Noticed buskinjo's ghost (journeyman OpGl)
 21348 | D:12     | Received a gift from Okawaru
 21354 | D:12     | Got a slimy demon whip {god gift}
 21355 | D:12     | Identified the +7 demon whip "Goblin's Regret" {pain, -Tele
                  | rF++ MR++} (Okawaru gifted it to you on level 12 of the
                  | Dungeon)
 21357 | D:12     | Found a staircase to the Orcish Mines.
 21669 | Orc:1    | Entered Level 1 of the Orcish Mines
 21925 | Orc:2    | Entered Level 2 of the Orcish Mines
 21991 | Orc:2    | Reached XP level 15. HP: 118/141 MP: 20/20
 22680 | Orc:2    | Found a staircase to the Elven Halls.
 22815 | Orc:2    | Received a gift from Okawaru
 22832 | Orc:2    | Got a transparent morningstar {god gift}
 22833 | Orc:2    | Identified the +4 morningstar of Okawaru's Approval {chaos,
                  | +Blink MR+ Int+3 Dex-4} (Okawaru gifted it to you on level
                  | 2 of the Orcish Mines)
 23018 | Orc:2    | Found Doisseul's Armour Boutique.
 23018 | Orc:2    | Found Fiohyvvo's Assorted Antiques.
 23020 | Orc:2    | Found Kur Caty's Book Shoppe.
 23022 | Orc:2    | Found Mouhoerr's Assorted Antiques.
 23026 | Orc:2    | Bought +1 gold dragon scales for 870 gold pieces
 23062 | Orc:2    | Bought 2 scrolls of blinking for 360 gold pieces
 23062 | Orc:2    | Bought a purple potion for 21 gold pieces
 23070 | Orc:2    | Bought a scroll labeled ZIUXKE NO SYCU for 22 gold pieces
 23070 | Orc:2    | Bought a scroll labeled DIAVEURIJO for 22 gold pieces
 23448 | Orc:1    | Found a deep blue altar of Sif Muna.
 23788 | Shoals:1 | Entered Level 1 of the Shoals
 23905 | Shoals:1 | Reached skill level 16 in Armour
 23915 | Shoals:1 | HP: 4/143 [drowned by a drowned soul[a merfolk avatar]
                  | (16)]
 23917 | Shoals:1 | Drowned by a drowned soul

Skill      XL: |  1  2  3  4  5  6  7  8  9 10 11 12 13 14 15 |
---------------+----------------------------------------------+-----
Shields        | 4 5 6 7 8 10 11 12 14 15 | 15.0
Armour         | 4 5 6 7 8 10 11 12 14 15 16 | 16.0
Fighting       | 4 5 6 7 8 9 11 12 14 15 | 15.9
Axes           | 3 4 5 |  5.1
Evocations     | 1 2 3 |  3.7
Maces & Flails | 2 4 6 8 9 11 13 | 13.9
Invocations    | 1 3 5 7 8 |  8.1

Action                   |  1- 3 |  4- 6 |  7- 9 | 10-12 | 13-15 || total
-------------------------+-------+-------+-------+-------+-------++-------
Melee: War axe           |    63 |   208 |    16 |       |       ||   287
       Headbutt          |     8 |    34 |    78 |   338 |   647 ||  1105
       Whip              |       |       |   273 |   909 |  1202 ||  2384
       Demon whip        |       |       |       |       |   284 ||   284
       Morningstar       |       |       |       |       |   148 ||   148
 Cast: Apportation       |       |       |       |       |     1 ||     1
Invok: Heroism           |       |       |     1 |     8 |    16 ||    25
       Finesse           |       |       |       |     4 |    11 ||    15
Evoke: Wand              |       |       |       |     1 |     7 ||     8
  Use: Scroll            |       |       |     8 |     8 |    25 ||    41
       Potion            |       |       |       |     4 |     1 ||     5
 Stab: Paralysed         |       |     1 |       |       |     1 ||     2
       Sleeping          |       |       |     1 |     9 |     3 ||    13
       Petrified         |       |       |       |       |     2 ||     2
       Petrifying        |       |       |       |       |     1 ||     1
       Distracted        |       |       |       |       |     1 ||     1
  Eat: Chunk             |       |     4 |     7 |    15 |    12 ||    38
       Ration            |       |     1 |       |     4 |     6 ||    11
Armor: Scale mail        |    31 |    77 |    44 |    26 |       ||   178
       Ring mail         |       |       |       |    77 |   241 ||   318
       Gold dragon scale |       |       |       |       |    94 ||    94
Dodge: Dodged            |    20 |    50 |    63 |   152 |   334 ||   619
Block: Shield            |    28 |    98 |    81 |   265 |   752 ||  1224
